 Dungeon Crawl Stone Soup version 0.19.5 (webtiles) character file.

8727 tidbits the Carver (level 11, -11/106 (108) HPs)
             Began as a High Elf Wanderer on July 17, 2017.
             Was a High Priest of Okawaru.
             Mangled by a large slime creature (32 damage)
             ... on level 12 of the Dungeon.
             The game lasted 01:09:22 (6933 turns).

tidbits the Carver (High Elf Wanderer)              Turns: 6933, Time: 01:09:23

HP:   -11/106 (108) AC: 15    Str: 20    XL:     11   Next: 13%
MP:   16/21         EV: 22    Int: 14    God:    Okawaru [*****.]
Gold: 572           SH:  0    Dex: 17    Spells: 3 memorised, 16 levels left

rFire  . . .     SeeInvis .     a - +1 long sword (slice)
rCold  . . .     Gourm    .     B - +1 ring mail
rNeg   + . .     Faith    .     (no shield)
rPois  .         Spirit   .     (no helmet)
rElec  .         Reflect  .     C - +2 cloak
rCorr  .         Harm     .     G - +2 pair of gloves
MR     +....                    F - +0 pair of boots
Stlth  ..........               p - amulet of rage
                                V - +2 ring of evasion
                                n - ring of positive energy

@: berserking, heroism, very quick
A: no striking features
a: Heroism, Finesse, Renounce Religion, Evoke Berserk Rage


You were on level 12 of the Dungeon.
You worshipped Okawaru.
Okawaru was extremely pleased with you.
You were hungry.

You visited 2 branches of the dungeon, and saw 14 of its levels.
You also visited: Bailey.

You collected 572 gold pieces.

Inventory:

Hand Weapons
 a - a +1 long sword of slicing (weapon)
   (You took it off Blork the orc on level 6 of the Dungeon)
 b - a +2 dagger
 k - a +2 hand crossbow of freezing
   (You found it on level 5 of the Dungeon)
 H - a +0 shortbow
   (You took it off a centaur on level 5 of the Dungeon)
 N - a +0 long sword of holy wrath
   (You took it off an orc warrior on level 8 of the Dungeon)
 X - a +0 dagger of venom
   (You took it off a kobold on level 10 of the Dungeon)
Missiles
 m - 4 tomahawks (quivered)
 t - 243 arrows
 w - 191 stones
 Y - 6 needles of paralysis
Armour
 o - a +0 shield
   (You found it on level 4 of the Dungeon)
 B - a +1 ring mail (worn)
   (You found it on level 1 of the Dungeon)
 C - a +2 cloak (worn)
   (You found it on level 1 of the Dungeon)
 F - a +0 pair of boots (worn)
   (You found it on level 5 of the Dungeon)
 G - a +2 pair of gloves (worn)
   (You found it on level 6 of the Dungeon)
 J - the +1 robe of Dogmatism {+Blink rElec}
   (You found it on level 4 of the Dungeon)

   It insulates you from electricity.
   It lets you blink.
 M - a +0 plate armour
   (You found it on level 1 of the Dungeon)
 U - a +0 robe of fire resistance
   (You took it off Erolcha on level 10 of the Dungeon)
Jewellery
 n - a ring of positive energy (left hand)
   (You found it on level 1 of the Dungeon)
 p - an amulet of rage (around neck)
   (You found it on level 2 of the Dungeon)
 q - an uncursed amulet of regeneration {unknown}
   (You found it on level 2 of the Dungeon)
 v - an uncursed amulet of the gourmand {unknown}
   (You found it on level 3 of the Dungeon)
 V - a +2 ring of evasion (right hand)
   (You found it on level 5 of the Dungeon)
Wands
 P - a wand of hasting (2/9)
   (You found it on level 8 of the Dungeon)
 R - a wand of slowing (27/48)
   (You found it on level 9 of the Dungeon)
Scrolls
 d - a scroll of teleportation
 e - a scroll of recharging {unknown}
 j - a scroll of enchant armour
 r - 3 scrolls of remove curse
 D - 2 scrolls of magic mapping {unknown}
 E - a scroll of enchant weapon {unknown}
 K - a scroll of amnesia {unknown}
Potions
 h - a potion of cure mutation
 i - a potion of ambrosia
 l - a potion of agility
 s - 2 potions of might
 u - a potion of lignification
 A - a potion of brilliance
 I - 3 potions of curing
 L - a potion of resistance
Books
 x - a book of Minor Magic
   (You found it on level 12 of the Dungeon)

   Spells                             Type                      Level
   a - Magic Dart                     Conjuration                  1
   b - Blink                          Translocation                2
   c - Call Imp                       Summoning                    2
   d - Repel Missiles                 Charms/Air                   2
   e - Slow                           Hexes                        2
   f - Conjure Flame                  Conjuration/Fire             3
   g - Mephitic Cloud                 Conjuration/Poison/Air       3
 O - a book of Debilitation
   (You found it on level 9 of the Dungeon)

   Spells                             Type                      Level
   a - Corona                         Hexes                        1
   b - Slow                           Hexes                        2
   c - Gell's Gravitas                Hexes/Translocation          3
   d - Inner Flame                    Hexes/Fire                   3
   e - Cause Fear                     Hexes                        4
   f - Leda's Liquefaction            Hexes/Earth                  4
 S - a book of Changes
   (You found it on level 9 of the Dungeon)

   Spells                             Type                      Level
   a - Beastly Appendage              Transmutation                1
   b - Sticks to Snakes               Transmutation                2
   c - Spider Form                    Transmutation/Poison         3
   d - Ice Form                       Ice/Transmutation            4
   e - Blade Hands                    Transmutation                5
Miscellaneous
 Q - a box of beasts
Comestibles
 c - 4 chunks of flesh
 f - 7 bread rations
 g - 2 meat rations
 z - a beef jerky
 T - a slice of pizza


   Skills:
 - Level 6.2(11.2) Fighting
 - Level 14.0(19.0) Long Blades
 - Level 3.3(8.3) Armour
 - Level 8.3(13.3) Dodging
 - Level 2.1(7.1) Stealth
 - Level 6.0 Spellcasting
 - Level 2.1 Charms
   Level 1.0 Fire Magic
 - Level 1.9 Air Magic
 + Level 4.8 Invocations
 + Level 2.7 Evocations


You had 16 spell levels left.
You knew the following spells:

 Your Spells              Type           Power        Failure   Level  Hunger
b - Blink                 Tloc           N/A          38%         2    #......
m - Repel Missiles        Chrm/Air       #.....       17%         2    #......
W - Swiftness             Chrm/Air       #.......     17%         2    #......


Dungeon Overview and Level Annotations

Branches:
Dungeon (12/15)            Temple (0/1) D:6            Lair (2/6) D:9
    Orc (0/2) D:10
  Swamp: Lair:2-4    Shoals: Lair:2-4     Snake: Lair:2-4    Spider: Lair:2-4

Altars:
Dithmenos
Fedhas
Hepliaklqana
Kikubaaqudgha
Makhleb
Okawaru
Ru
Trog

Shops:
D:4 :   D:9 *

Annotations:
D:3 tidbits's ghost, amateur HEAM


Message History

You miss the crimson imp. You hit the crimson imp.
The crimson imp is heavily wounded.
The crimson imp barely misses you.
You slash the crimson imp!
You kill the crimson imp!
Okawaru accepts your kill.
You hit the eye of draining but do no damage.
You hit the eye of draining.
The eye of draining is lightly wounded.
You slash the eye of draining!
The eye of draining is moderately wounded.
The eye of draining gazes at you.
You feel your power leaking away.
You hit the eye of draining but do no damage.
The eye of draining is lightly wounded.
You hit the eye of draining.
The eye of draining is moderately wounded.
You hit the eye of draining.
The eye of draining is heavily wounded.
The eye of draining gazes at you.
You feel your power leaking away.
You hit the eye of draining but do no damage.
The eye of draining is moderately wounded.
You hit the eye of draining but do no damage.
The eye of draining is moderately wounded.
You hit the eye of draining.
The eye of draining is heavily wounded.
You hit the eye of draining.
The eye of draining is severely wounded.
You slash the eye of draining!
The eye of draining is almost dead.
You hit the eye of draining but do no damage.
The eye of draining is almost dead.
The eye of draining gazes at you.
You feel your power leaking away.
You slash the eye of draining!
You kill the eye of draining!
Okawaru accepts your kill.
You open the door.
There is an open door here.
Found an escape hatch in the floor.
Found a leatherbound book.
Some of the chunks of flesh in your inventory have rotted away.
x - a book of Minor Magic Memorise Blink, consuming 2 spell levels and leaving 16?
You start memorising the spell.
You continue memorising. x2
You finish memorising.
Spell assigned to 'b'.
Okay, then.
Found 11 sling bullets.
You open the door.
There is an open door here.
You open the door.
There is an open door here.
You open the door.
Found a beef jerky.
There is an open door here.
z - a beef jerky You open the door.
You open the door.
Found a slice of pizza.
There is an open door here.
T - a slice of pizza You open the door. 2 slime creatures come into view.
The slime creature quivers.
The slime creature quivers.
There is an open door here.
There is an open door here.
You gain the combat prowess of a mighty hero.
You hit the slime creature.
The slime creature is lightly wounded.
The slime creature hits you!
You hit the slime creature.
The slime creature is lightly wounded.
A slime creature suddenly becomes a large slime creature.
You hit the large slime creature.
The large slime creature is lightly wounded.
You fail to use your ability.
You fail to use your ability.
The large slime creature barely misses you.
A red film seems to cover your vision as you go berserk!
You feel yourself moving faster!
You feel mighty!
You are feeling hungry.
The large slime creature barely misses you.
You slash the large slime creature!
The large slime creature is lightly wounded.
The large slime creature hits you!!
You slice the large slime creature!!
The large slime creature is heavily wounded.
You barely miss the large slime creature.
The large slime creature is heavily wounded.
The large slime creature hits you!!
* * * LOW HITPOINT WARNING * * *
You slash the large slime creature!
The large slime creature is heavily wounded.
You slash the large slime creature!
The large slime creature is severely wounded.
The large slime creature hits you!!
You die...

#.#.#.#...#'......#.#.#.#
#.# .#.#
#.....#.......#.##.# #.#
.# #.#.#.#.#'#+#.#.#.#.#
#.# #.#.#.#.>.#.#.#.#.#..
#.# .#
#.#.#.#.#.#.#.#.#.#.# #.#
#.#+ .#.#.#.#.#.#.#.#.#.##
#.#
.......#.#.#.#.#.#.#.#.#.#
....#.#.#.#.#.#.#.#.#.##
.J..#.#.#>#.#@#.#.#.#.#
+#.#.#.#.#.#J#.#.#....#
#.#J#.#.#.#.#.#.#'....#
#.#.#'#.#.#.#.#.#.#....#
#.#...#.#.#.#.#.#'..(.#
#....'#.#.#.#.#.#....#
#.#...#.....#.#.#.#+#.#
#.#+...+#...#.#.#.#.# ##
#.# #...#'...'#.#.#.#.#


You could see a large slime creature.

Vanquished Creatures
  Erolcha (D:10)
  2 unseen horrors (D:10)
  A cyclops (D:11)
  A centaur zombie (D:11)
  2 centaur skeletons (D:10)
  A troll (D:9)
  A hippogriff (D:10)
  3 yaks (D:10)
  A wyvern (Lair:1)
  A hungry ghost (D:11)
  2 wargs (D:10)
  2 water moccasins (Lair:1)
  A porcupine (Lair:1)
  2 black bears
  A necrophage (D:11)
  2 ice beasts
  3 phantoms
  2 orc warriors
  An eye of draining (D:12)
  7 ogres
  8 centaurs
  Blork the orc (D:6)
  2 big kobolds (D:10)
  5 bullfrogs
  A scorpion (D:6)
  5 killer bees (D:12)
  2 howler monkeys
  4 crimson imps
  2 bullfrog zombies (D:10)
  4 hounds
  A jelly (D:9)
  An orc priest (D:11)
  2 iguanas
  2 orc wizards
  6 worker ants
  3 hound zombies
  A hound skeleton (D:10)
  A worker ant zombie (D:8)
  6 gnolls
  14 adders
  A river rat (D:5)
  A shadow imp (D:6)
  2 adder skeletons
  2 worms
  4 leopard geckos
  18 orcs
  4 giant cockroaches
  4 goblins
  4 hobgoblins
  9 jackals
  3 quokkas
  A ball python (D:2)
  8 bats
  3 frilled lizards (D:3)
  A jackal skeleton (D:4)
  14 kobolds
  2 leopard gecko skeletons
  2 quokka skeletons
  3 rats
  A plant (D:5)
195 creatures vanquished.

Notes
Turn   | Place    | Note
-------+----------+-------------------------------------------
     0 | D:1      | tidbits the High Elf Wanderer began the quest for the Orb.
     0 | D:1      | tidbits set off with: a +2 dagger, a potion of heal wounds, Ypsahoyrch's Handbook of Air, a scroll of teleportation, a +0 robe, a bread ration
     0 | D:1      | Reached XP level 1. HP: 11/11 MP: 8/8
     0 | D:1      | Identified Ypsahoyrch's Handbook of Air
    57 | D:1      | HP: 1/11 [kobold/stone (3)]
    74 | D:1      | HP: 1/11 [kobold/stone (1)]
   471 | D:1      | Reached skill level 1 in Dodging
   593 | D:2      | Reached skill level 1 in Fighting
   762 | D:1      | Reached XP level 2. HP: 8/18 MP: 10/10
   768 | D:1      | Learned a level 2 spell: Repel Missiles
   772 | D:1      | Learned a level 2 spell: Swiftness
   884 | D:2      | Reached skill level 2 in Charms
   971 | D:2      | Reached XP level 3. HP: 8/23 MP: 11/11
  1237 | D:2      | Reached skill level 2 in Dodging
  1315 | D:3      | Found a bloodstained altar of Trog.
  1666 | D:4      | Found a blossoming altar of Fedhas.
  1765 | D:4      | Reached skill level 1 in Long Blades
  1883 | D:4      | Reached XP level 4. HP: 9/28 MP: 13/13
  2058 | D:3      | Noticed tidbits's ghost (amateur HEAM)
  2092 | D:4      | Found Ycehyeliv's Book Emporium.
  2092 | D:4      | Noticed an ogre
  2211 | D:5      | Entered Level 5 of the Dungeon
  2240 | D:5      | Found a sacrificial altar of Ru.
  2301 | D:5      | Noticed a phantom
  2354 | D:6      | Reached skill level 2 in Long Blades
  2388 | D:6      | Noticed an ogre
  2405 | D:6      | Reached skill level 3 in Long Blades
  2415 | D:6      | Killed an ogre
  2415 | D:6      | Reached skill level 5 in Long Blades
  2415 | D:6      | Reached XP level 5. HP: 33/33 MP: 14/14
  2460 | D:6      | Found a burning altar of Makhleb.
  2471 | D:6      | Found an iron altar of Okawaru.
  2479 | D:6      | Became a worshipper of Warmaster Okawaru
  2484 | D:6      | Found a hazy altar of Hepliaklqana.
  2570 | D:6      | Noticed a black bear
  2572 | D:6      | Noticed an ogre
  2576 | D:6      | Reached XP level 6. HP: 38/38 MP: 16/16
  2583 | D:6      | Reached skill level 6 in Long Blades
  2588 | D:6      | Reached * piety under Okawaru
  2588 | D:6      | Reached skill level 7 in Long Blades
  2643 | D:5      | Found an ancient bone altar of Kikubaaqudgha.
  2777 | D:4      | Reached skill level 2 in Invocations
  2777 | D:4      | Reached XP level 7. HP: 37/43 MP: 17/17
  2794 | D:4      | Got an ichor-stained robe
  2911 | D:5      | Reached skill level 3 in Invocations
  3304 | D:5      | Reached skill level 4 in Invocations
  3330 | D:6      | Reached skill level 2 in Fighting
  3404 | D:5      | Reached skill level 8 in Long Blades
  3551 | D:5      | Identified the +1 robe of Dogmatism {+Blink rElec} (You found it on level 4 of the Dungeon)
  3602 | D:5      | Reached XP level 8. HP: 41/51 MP: 18/18
  3656 | D:5      | Reached skill level 3 in Fighting
  3725 | D:5      | Reached ** piety under Okawaru
  3804 | D:6      | Reached skill level 9 in Long Blades
  3860 | D:6      | Reached skill level 3 in Dodging
  3863 | D:6      | Found a staircase to the Ecumenical Temple.
  4089 | D:7      | Reached skill level 4 in Fighting
  4289 | D:7      | Found a flagged portal.
  4366 | Bailey   | Entered a bailey
  4481 | D:6      | Noticed Blork the orc
  4499 | D:6      | Killed Blork the orc
  4499 | D:6      | Reached skill level 4 in Dodging
  4565 | D:6      | Found a shadowy altar of Dithmenos.
  4704 | D:8      | Reached skill level 5 in Fighting
  4832 | D:8      | Reached skill level 2 in Armour
  4901 | D:8      | Reached skill level 3 in Armour
  4901 | D:8      | Reached XP level 9. HP: 42/61 MP: 19/19
  5204 | D:9      | Found Wemus's General Store.
  5249 | D:9      | Found a staircase to the Lair.
  5253 | Lair:1   | Entered Level 1 of the Lair of Beasts
  5315 | Lair:1   | Reached skill level 10 in Long Blades
  5427 | D:10     | Entered Level 10 of the Dungeon
  5542 | D:10     | Killed an unseen horror
  5542 | D:10     | Reached *** piety under Okawaru
  5542 | D:10     | Reached skill level 12 in Long Blades
  5625 | D:11     | Noticed a four-headed hydra
  5638 | D:10     | Noticed Erolcha
  5651 | D:10     | Killed Erolcha
  5651 | D:10     | Reached **** piety under Okawaru
  5651 | D:10     | Reached skill level 13 in Long Blades
  5651 | D:10     | Reached XP level 10. HP: 65/65 MP: 18/20
  5816 | D:10     | Killed an unseen horror
  5924 | D:9      | Reached skill level 14 in Long Blades
  5988 | D:10     | Noticed a hill giant
  6210 | D:10     | Reached skill level 6 in Fighting
  6239 | D:10     | Found a staircase to the Orcish Mines.
  6267 | D:10     | Reached skill level 5 in Dodging
  6335 | D:10     | Reached skill level 6 in Dodging
  6347 | D:10     | HP: 6/67 [troll (10)]
  6378 | D:10     | Reached skill level 7 in Dodging
  6536 | D:11     | Noticed a cyclops
  6569 | D:11     | Reached skill level 8 in Dodging
  6574 | D:11     | Killed a cyclops
  6595 | D:11     | Reached ***** piety under Okawaru
  6595 | D:11     | Reached skill level 1 in Evocations
  6595 | D:11     | Reached XP level 11. HP: 71/71 MP: 16/21
  6629 | D:12     | Reached skill level 2 in Evocations
  6783 | D:11     | Noticed a death knight
  6877 | D:12     | Learned a level 2 spell: Blink
  6933 | D:12     | Mangled by a large slime creature

Skill      XL: |  1  2  3  4  5  6  7  8  9 10 11 |
---------------+----------------------------------+-----
Dodging        | 1 2 4 8 |  8.3
Fighting       | 1 2 5 6 |  6.2
Charms         | 2 |  2.1
Long Blades    | 1 5 7 8 9 13 14 | 14.0
Invocations    | 2 4 |  4.8
Armour         | 3 |  3.3
Evocations     | 1 2 |  2.7
Stealth        | |  2.1
Spellcasting   | |  6.0
Fire Magic     | |  1.0
Air Magic      | |  1.9

Action                   |  1- 3 |  4- 6 |  7- 9 | 10-12 || total
-------------------------+-------+-------+-------+-------++-------
Melee: Dagger            |   151 |    57 |       |       ||   208
       Falchion          |       |   167 |   223 |       ||   390
       Punch             |       |       |     8 |     7 ||    15
       Long sword        |       |       |   132 |   242 ||   374
Throw: Tomahawk          |    55 |     4 |     6 |     7 ||    72
       Stone             |     3 |       |       |     1 ||     4
 Cast: Repel Missiles    |     1 |       |       |     4 ||     5
       Swiftness         |       |       |       |     1 ||     1
Invok: Heroism           |       |       |    25 |    15 ||    40
 Abil: Evoke Berserk Rag |       |     5 |    11 |     7 ||    23
  Use: Potion            |     1 |     1 |     2 |     2 ||     6
       Scroll            |     4 |       |     7 |     4 ||    15
 Stab: Sleeping          |       |     1 |     2 |     1 ||     4
       Distracted        |       |       |     1 |       ||     1
  Eat: Chunk             |     2 |     6 |    17 |    10 ||    35
       Fruit             |     1 |       |       |       ||     1
       Pizza             |       |     1 |       |       ||     1
       Beef jerky        |       |       |     1 |     1 ||     2
       Royal jelly       |       |       |     1 |       ||     1
Armor: Robe              |     5 |       |       |       ||     5
       Ring mail         |    43 |    98 |    54 |    59 ||   254
Dodge: Dodged            |    69 |   133 |   161 |   161 ||   524
       Deflected         |       |       |     2 |     7 ||     9
       Rpst.: Falchion   |       |    33 |    24 |       ||    57
       Long sword        |       |       |    16 |    44 ||    60

Table legend:
 A = Turns spent in this place as a percentage of turns spent in the entire game.
 B = Non-inter-level travel turns spent in this place as a percentage of non-inter-level travel turns spent in the entire game.
 C = Inter-level travel turns spent in this place as a percentage of turns spent in this place.
 D = Turns resting spent in this place as a percentage of non-inter-level travel turns spent in this place.
 E = Turns spent auto-exploring this place as a percentage of non-inter-level travel turns spent in this place.
 F = Non-inter-level travel turns spent in this place divided by the number of levels of this place that you've seen.
                   A       B       C       D       E      F
               +-------+-------+-------+-------+-------+----------------------
         Total | 100.0 | 100.0 |   0.1 |   0.0 |   0.0 | 417.8
       Dungeon |  97.6 |  97.6 |   0.1 |   0.0 |   0.0 | 509.5
          Lair |   2.3 |   2.3 |   0.0 |   1.4 |   0.0 |  72.0
        Bailey |   0.1 |   0.1 |   0.0 |   0.0 |   0.0 |   9.0
               +-------+-------+-------+-------+-------+----------------------

Table legend:
 A = Kills in this place as a percentage of kills in entire the game.
 B = Kills by you in this place as a percentage of kills by you in the entire game.
 C = Kills by friends in this place as a percentage of kills by friends in the entire game.
 D = Other kills in this place as a percentage of other kills in the entire game.
 E = Experience gained in this place as a percentage of experience gained in the entire game.
 F = Experience gained in this place divided by the number of levels of this place that you have seen.
                   A       B       C       D       E      F
               +-------+-------+-------+-------+-------+----------------------
         Total | 100.0 | 100.0 |  -nan |  -nan | 100.0 | 831.2
       Dungeon |  97.9 |  97.9 |  -nan |  -nan |  94.7 | 984.2
          Lair |   2.1 |   2.1 |  -nan |  -nan |   5.3 | 329.0
               +-------+-------+-------+-------+-------+----------------------

Vault maps used:
D:1:      tarquinn_simple_flora_water_a, minmay_pentomino_x4
D:2:      first_bread
D:3:      trog_butcher_becter
D:4:      nicolae_overflow_hidden_temple, serial_shops,
          nicolae_shop_statue_plus, nicolae_underground_beach
D:5:      wad_woods_settlement, kiku_gazebo_garden_becter,
          nicolae_ru_awakened_eye
D:6:      lemuel_crystal_altar, minmay_overflow_temple_star_quad, temple_pool_b,
          minivault_26, serial_bayou_lagoon_b, uniq_blork_the_orc
D:7:      enter_bailey_7, uniq_duvessa
D:8:      serial_shops, shop_fountains, uniq_erica
D:9:      tgw_sif, marbit_many_paths, lair_0_dummy, serial_shops,
          nicolae_shop_trees, tso_altar
D:10:     minmay_orc_entry_guard_dogs, uniq_erolcha
D:11:     grunt_ogre_cave, serial_bayou_crossing
D:12:     uniq_azrael
Lair:1:   serial_bayou_shore_b, uniq_gastronok
Lair:2:   swamp_mist_pool, grunt_megastairs_5, infiniplex_staircase_pool_2
Bailey:   bailey_polearm_2, bailey
